AoeStats
← pablov02

Arena

510532416Analyzed
3v3 RM · 1d ago on Oct 1, 2026· 34m 37s· 6 players
Game mode
Random Map
Map size
Normal (6 player)
Population
200
Speed
Normal
Resources
Standard
Victory
Conquest
Starting age
Dark Age
Ending age
Imperial Age
RankedLock teamsTeams togetherTeam positionsShared explorationLock speedFull tech treeHidden civsTurbo modeCheats
Victory
Defeat
🇷🇺 Danes · Russia
1223
+11
🇷🇺 Jurchens · Russia
1187
+12
🇰🇿 Wei · Kazakhstan
1059
+18
🇪🇸 Persians · Spain
1116
-14
🇱🇻 Goths · Latvia
1102
-14
🇪🇸 Portuguese · Spain
1098
-13
Onlyfarms
11:52 Feudal Age
16:15 Castle Age
14:11 Horse Collar
14:16 Double-Bit Axe
17:55 Town Watch
18:58 Loom
19:48 Wheelbarrow
19:18 Heavy Plow
19:28 Bow Saw
22:17 Hand Cart
24:01 Stone Mining
24:02 Gold Mining
29:15 Imperial Age
28:13 Gold Shaft Mining
28:13 Stone Shaft Mining
28:13 Husbandry
28:24 Bloodlines
28:40 Town Patrol
29:40 Forging
29:55 Scale Barding Armor
30:33 Devotion
30:00 Light Cavalry
31:16 Iron Casting
32:01 Murder Holes
32:16 Masonry
31:57 Fletching
33:08 Blast Furnace
32:28 Chain Barding Armor
32:25 Elite War Elephant
35:10 Theocracy
Kaniel Outiss
5:05 Loom
10:28 Feudal Age
12:06 Double-Bit Axe
13:17 Wheelbarrow
16:42 Castle Age
15:03 Stone Mining
16:02 Horse Collar
18:55 Gold Mining
25:38 Heavy Plow
26:46 Stone Shaft Mining
26:14 Scale Mail Armor
27:14 Bow Saw
30:39 Imperial Age
29:06 Hand Cart
28:36 Town Watch
30:36 Forging
30:41 Chain Mail Armor
29:51 Pikeman
30:32 Squires
30:55 Treadmill Crane
31:41 Conscription
32:00 Iron Casting
32:57 Chemistry
32:18 Ballistics
31:51 Fletching
32:02 Padded Archer Armor
pablov02
11:10 Feudal Age
15:28 Castle Age
13:37 Stone Mining
13:35 Double-Bit Axe
13:56 Horse Collar
14:35 Loom
17:24 Bow Saw
18:41 Fletching
Ромчик Бумчик
10:32 Feudal Age
9:31 Loom
14:56 Castle Age
13:21 Double-Bit Axe
13:47 Horse Collar
23:50 Scale Mail Armor
27:51 Wheelbarrow
34:20 Heavy Plow
34:36 Bow Saw
37:16 Imperial Age
35:05 Hand Cart
Александр
2:53 Loom
11:33 Feudal Age
15:15 Castle Age
13:06 Double-Bit Axe
13:02 Horse Collar
14:08 Gold Mining
16:50 Wheelbarrow
16:27 Bow Saw
16:18 Heavy Plow
23:09 Fervor
25:21 Hand Cart
26:41 Husbandry
27:31 Forging
27:27 Scale Barding Armor
27:13 Fletching
27:23 Padded Archer Armor
28:10 Bloodlines
28:49 Iron Casting
28:56 Ballistics
29:26 Chain Barding Armor
31:47 Imperial Age
29:27 Bodkin Arrow
30:29 Devotion
30:49 Sanctity
31:02 Masonry
33:31 Chemistry
33:33 Blast Furnace
32:33 Bracer
32:49 Leather Archer Armor
32:57 Heavy Hei Guang Cavalry
34:33 Gold Shaft Mining
33:48 Stone Mining
34:31 Crop Rotation
34:49 Ming Guang Armor
34:27 Light Cavalry
CowArius
10:44 Feudal Age
14:14 Castle Age
12:13 Double-Bit Axe
12:40 Horse Collar
15:17 Bow Saw
15:10 Heavy Plow
21:12 Wheelbarrow
20:53 Gold Mining
22:34 Gold Shaft Mining
22:15 Stone Mining
27:09 Imperial Age
26:17 Hand Cart
26:33 Scale Mail Armor
26:44 Forging
27:53 Chain Mail Armor
28:19 Stone Shaft Mining
27:18 Capped Ram
27:24 Man-at-Arms
28:04 Squires
27:50 Arson
27:51 Gambesons
27:53 Siege Ram
28:55 Elite Fire Lancer
30:18 Conscription
31:29 Iron Casting
33:53 Thunderclap Bombs
33:08 Elite Iron Pagoda
33:48 Fortified Bastions
Connection lost

Rejoining the realm…

Still unreachable

The connection could not be restored.

Session expired

The server has moved on; the page needs a fresh start.